AoeStats
← Abraham The Dead

Oasis

508247292Analyzed
2v2 RM · 12d ago on Sep 21, 2026· 29m 19s· 4 players
Game mode
Random Map
Map size
Medium (4 player)
Population
200
Speed
Normal
Resources
Standard
Victory
Conquest
Starting age
Dark Age
Ending age
Imperial Age
RankedLock teamsTeams togetherTeam positionsShared explorationLock speedFull tech treeHidden civsTurbo modeCheats
Victory
Defeat
🇦🇷 Inca · Argentina
1292
+13
🇧🇷 Celts · Brazil
1250
+14
🇹🇷 Magyars · Türkiye
1226
-14
🇨🇴 Lithuanians · Colombia
1207
-13
valmircampolino
7:16 Loom
9:23 Feudal Age
9:33 Man-at-Arms
12:48 Double-Bit Axe
14:07 Horse Collar
17:23 Wheelbarrow
21:11 Castle Age
19:59 Scale Mail Armor
21:15 Long Swordsman
22:12 Chain Mail Armor
23:07 Forging
23:20 Gambesons
23:52 Arson
24:59 Iron Casting
Anak
5:31 Loom
9:23 Feudal Age
10:38 Champi Runner
17:01 Double-Bit Axe
20:59 Castle Age
19:52 Forging
20:17 Scale Mail Armor
20:04 Horse Collar
21:07 Champi Warrior
21:49 Squires
23:18 Chain Mail Armor
24:37 Iron Casting
25:01 Arson
25:27 Pikeman
29:44 Bow Saw
ALEJO7918
3:53 Loom
9:43 Feudal Age
10:33 Double-Bit Axe
10:31 Horse Collar
16:20 Fletching
21:20 Padded Archer Armor
24:28 Castle Age
25:17 Thumb Ring
24:32 Crossbowman
28:33 Wheelbarrow
29:39 Bloodlines
29:26 Bodkin Arrow
Abraham The Dead
7:44 Loom
10:24 Feudal Age
16:13 Double-Bit Axe
16:08 Horse Collar
20:45 Gold Mining
23:38 Castle Age
24:20 Bloodlines
24:12 Gold Mining
24:58 Scale Barding Armor
25:20 Husbandry
28:39 Fletching
Connection lost

Rejoining the realm…

Still unreachable

The connection could not be restored.

Session expired

The server has moved on; the page needs a fresh start.